 Dungeon Crawl Stone Soup version 0.28.0-53-g5a82cb258f (webtiles) character file.

Game seed: 9206881818031734765

1218 Jerry the Skirmisher (level 8, -6/43 HPs)
             Began as a Vine Stalker Fighter on July 29, 2022.
             Was a Follower of Uskayaw.
             Engulfed by a cloud of freezing vapour (19 damage)
             ... on level 5 of the Dungeon.
             The game lasted 00:13:06 (4804 turns).

Jerry the Skirmisher (Vine Stalker Fighter)         Turns: 4804, Time: 00:13:07

Health: -6/43      AC: 10    Str: 19    XL:     8   Next: 46%
Magic:  0/9        EV: 24    Int:  8    God:    Uskayaw [*.....]
Gold:   309        SH:  6    Dex: 16    Spells: 7/7 levels left

rFire   . . .      SeeInvis .   a - +0 rapier
rCold   . . .      Faith    .   c - +1 buckler
rNeg    . . .      Spirit   +   b - +0 scale mail
rPois   .          Reflect  .   (no helmet)
rElec   .          Harm     .   (no cloak)
rCorr   .          Rampage  .   (no gloves)
Will    +....                   m - +2 pair of boots
Stlth   ..........              j - amulet of the acrobat
HPRegen 0.94/turn               (no ring)
MPRegen 0.11/turn               (no ring)

@: acrobatic
A: fangs 3, regeneration 1, magic shield, antimagic bite, no potion heal 2
a: Renounce Religion, Stomp


You were on level 5 of the Dungeon.
You worshipped Uskayaw.
Uskayaw was noncommittal.
You visited 2 branches of the dungeon, and saw 6 of its levels.
You also visited: Sewer.

You collected 309 gold pieces.

Inventory:

Hand Weapons
 a - a +0 rapier (weapon)
Armour
 b - a +0 scale mail (worn)
 c - a +1 buckler (worn)
 k - the +1 robe "Jyl Ent" {Fly rCorr Str-5 Dex+3}
   (You found it on level 3 of the Dungeon)

   Str:       It affects your strength (-5).
   Dex:       It affects your dexterity (+3).
   Fly:       It grants you flight.
   rCorr:     It protects you from acid and corrosion.
 m - a +2 pair of boots (worn)
Jewellery
 j - an amulet of the acrobat (around neck)
Wands
 e - a wand of iceblast (11)
Scrolls
 d - a scroll of blinking {unknown}
 f - a scroll of amnesia
 h - a scroll of enchant armour
 n - 2 scrolls of silence
 o - a scroll of fear {unknown}
 p - a scroll of acquirement {unknown}
 q - 2 scrolls of noise {unknown}
 r - 3 scrolls of fog {unknown}
 t - a scroll of brand weapon {unknown}
Potions
 g - 2 potions of curing
 i - a potion of ambrosia
 l - 4 potions of haste
 s - a potion of might
 u - 2 potions of resistance


   Skills:
 + Level 5.3 Fighting
 + Level 4.8 Short Blades
 + Level 4.7 Armour
 + Level 5.2 Shields


You had 7 spell levels left.
You didn't know any spells.
Your spell library contained the following spells:

 Spells                   Type           Power      Damage    Failure   Level
 Magic Dart               Conj           0%         1d3       85%         1
 Slow                     Hex            0%         N/A       85%         1
 Blink                    Tloc           0%         N/A       94%         2
 Call Imp                 Summ           0%         N/A       94%         2
 Confusing Touch          Hex            0%         N/A       99%         3
 Mephitic Cloud           Conj/Pois/Air  0%         N/A       99%         3
 Vampiric Draining        Necr           0%         2d6       99%         3
 Manifold Assault         Tloc           0%         N/A       100%        5
 Storm Form               Tmut/Air       0%         N/A       100%        7


Dungeon Overview and Level Annotations

Branches:
Dungeon (5/15)             Temple (1/1) D:5           Sewer (visited)

Altars:
Ashenzari
Cheibriados
Dithmenos
Elyvilon
Fedhas
Gozag
Hepliaklqana
Kikubaaqudgha
Makhleb
Nemelex Xobeh
Okawaru
Qazlal
Sif Muna
Trog
Uskayaw
Vehumet
Wu Jian
Xom
Yredelemnul
Zin
The Shining One

Annotations:
D:4 Sigmund
D:5 1 transporter


Innate Abilities, Weirdness & Mutations

You have razor-sharp teeth.
Your natural rate of healing is unusually fast.
When hurt, damage is shared between your health and your magic reserves.
Your bite disrupts and absorbs the magic of your enemies.
Potions cannot restore your health.


Message History

You hit the ice beast.
The ice beast is almost dead.
The ice beast completely misses you. The ice beast barely misses you.
You hit the ice beast but do no damage. Your bite misses the ice beast.
The ice beast is almost dead.
The ice beast hits you but does no damage. x2
The ice beast barely misses you.
You hit the ice beast.
You kill the ice beast!
The ice beast hits you but does no damage.
You hit the ice beast but do no damage. Your bite misses the ice beast.
You block the ice beast's attack.
You hit the ice beast. You bite the ice beast! You drain its power.
You feel invigorated.
The ice beast is moderately wounded.
You block the ice beast's attack.
Uskayaw will force your foes to helplessly watch your dance.
Uskayaw prepares the audience for your solo!
The helpless ice beast fails to defend itself.
You puncture the ice beast!
The ice beast is severely wounded.
The ice beast is no longer paralysed.
You block the ice beast's attack.
You closely miss the ice beast. You bite the ice beast!
You kill the ice beast!
Uskayaw will force your foes to share their pain.
You can no longer pass through a line of other dancers.
Really stalk into a travel-excluded area?
You are engulfed in freezing vapours.
There is an open gate here.
You start resting.
HP restored.
You start resting.
Magic restored.
Really stalk into a travel-excluded area?
You are engulfed in freezing vapours.
There is an open gate here.
You are engulfed in freezing vapours.
* * * LOW HITPOINT WARNING * * *
You are engulfed in freezing vapours.
You die...

......,,,* *,,* **,** **,,,,
....#.,,** *,,* *,,* **,,,
⌠.....,,* **,* *,,* *#.*
.#.....#* #######*,** #.#
.#*....# #°○☼°○######## #.#
.#**...## ##☼☼○☼.#○☼○○○○# ##..
.####...#####☼○☼○°#○○○○☼.#####...
.>..#.......#?$.°○○.#.#☼☼#..#....
......#**S.©#©!.@☼°...©°.#©....#.
......####..#[$.°○☼.#.#☼°#...###.
##......##..#°○☼○○#☼°○°☼.#..###..
#...##......#☼○°☼°#○°☼°☼.#.......
...####.....#°°○°○########......#
.### ##....#######....,#...##..#
#* ##..##*........#*#...###.# *
##[## *#..##...###..## #.. #..#
#..#*#.......# #..


You could see an adder (asleep).

Vanquished Creatures
  Edmund (D:4)
  Pargi (Sewer)
  2 ice beasts (D:5)
  A centaur (D:5)
  A phantom (D:5)
  A wyvern zombie (D:5)
  A water moccasin skeleton (D:4)
  A jelly (D:4)
  2 hounds
  3 orc priests
  2 bullfrog skeletons
  A centaur skeleton (D:5)
  3 iguanas
  A hound zombie (D:5)
  2 river rats (D:5)
  6 adders
  A white imp (D:5)
  3 ufetubi
  2 worms (D:5)
  A dart slug (D:1)
  12 orcs
  11 bats
  An endoplasm (D:1)
  6 giant cockroaches
  3 goblins
  3 hobgoblins
  7 kobolds
  4 quokkas
  7 ball pythons
  14 frilled lizards
  8 rats
112 creatures vanquished.

Vanquished Creatures (others)
  A kobold brigand (D:4)
  A kobold (D:4)
  73 plants (D:4)
  4 toadstools (D:1)
79 creatures vanquished.

Grand Total: 191 creatures vanquished

Notes
Turn   | Place    | Note
-------+----------+-------------------------------------------
     0 | D:1      | Jerry the Vine Stalker Fighter began the quest for the Orb.
     0 | D:1      | Reached XP level 1. HP: 11/11 MP: 2/2
   250 | D:1      | Reached XP level 2. HP: 16/16 MP: 3/3
   675 | D:1      | Reached XP level 3. HP: 20/20 MP: 4/4
  1086 | D:2      | Found a faded altar of an unknown god.
  1907 | D:2      | Gained mutation: Your natural rate of healing is unusually
                  | fast. [Vine Stalker growth]
  1907 | D:2      | Reached XP level 4. HP: 24/24 MP: 3/5
  2041 | D:3      | Identified the +1 robe "Jyl Ent" {Fly rCorr Str-5 Dex+3}
  2745 | D:4      | Reached XP level 5. HP: 28/28 MP: 6/6
  2872 | D:4      | HP: 1/29 [acid (2)]
  2935 | D:4      | Reached XP level 6. HP: 29/33 MP: 5/7
  3280 | D:4      | Noticed Edmund
  3292 | D:4      | Killed Edmund
  3293 | D:4      | Reached XP level 7. HP: 22/37 MP: 3/8
  3351 | D:4      | Noticed Sigmund
  3454 | D:5      | Entered Level 5 of the Dungeon
  3679 | D:5      | Found a staircase to the Ecumenical Temple.
  3690 | Temple   | Entered the Ecumenical Temple
  3860 | Temple   | Became a worshipper of Uskayaw the Reveller
  3948 | D:5      | Found a transporter.
  4007 | D:5      | Reached * piety under Uskayaw
  4010 | D:5      | Reached ** piety under Uskayaw
  4016 | D:5      | Reached *** piety under Uskayaw
  4080 | D:5      | Found a glowing drain.
  4084 | Sewer    | Entered a sewer
  4097 | Sewer    | Noticed Pargi
  4111 | Sewer    | Killed Pargi
  4112 | Sewer    | Gained mutation: You have razor-sharp teeth. [Vine Stalker
                  | growth]
  4112 | Sewer    | Reached XP level 8. HP: 41/42 MP: 7/9
  4409 | D:5      | Reached skill level 5 in Fighting
  4684 | D:5      | Found a transporter.
  4694 | D:5      | Reached skill level 5 in Shields
  4739 | D:5      | Reached **** piety under Uskayaw
  4804 | D:5      | Engulfed by a cloud of freezing vapour

Illustrated notes

Levels and vault maps discovered:
D:1:      mrwooster_arrival_statue, layout_basic, minivault_25,
          minmay_gold_behind_fungi
D:2:      layout_basic, ebering_ecumenical_altar_hall
D:3:      minmay_angry_zag, layout_loops_ring
D:4:      kennysheep_kobold_camp, layout_rooms, lemuel_coloured_pillars_altar,
          hex_large, sigmund_edmund_badplayer
D:5:      gammafunk_cloud_chamber, layout_layer_cave, temple_fountains,
          gup_sewer_entry_spiral
Temple:   mainiacjoe_temple_hex_bubbles

Skill      XL: |  1  2  3  4  5  6  7  8 |
---------------+-------------------------+-----
Short Blades   | 2 3 4 |  4.8
Fighting       | 3 4 5 |  5.3
Shields        | 3 4 5 |  5.2
Armour         | 3 4 |  4.7

Action                   |  1- 3 |  4- 6 |  7- 9 || total
-------------------------+-------+-------+-------++-------
Melee: Rapier            |   106 |   128 |   162 ||   396
       Bite              |    11 |    41 |    64 ||   116
  Use: Potion            |       |     1 |       ||     1
       Scroll            |       |       |     9 ||     9
 Stab: Paralysed         |       |       |     3 ||     3
Armor: Scale mail        |    54 |    60 |    85 ||   199
Dodge: Dodged            |    54 |    52 |    98 ||   204
Block: Buckler           |    31 |    30 |    65 ||   126
